[Event "*** SCC Grand Prix: Titled Tuesday Blitz"]
[Site "Chess.com"]
[Date "2020.06.09"]
[Round "10"]
[White "vladislavkovalev"]
[Black "vugarrasulov"]
[Result "1-0"]
[WhiteElo "2957"]
[BlackElo "2826"]
[TimeControl "180+1"]
[EndTime "10:57:59 PDT"]
[Termination "vladislavkovalev won by resignation"]

1. e4 e6 2. d4 d5 3. Bd3 Nf6 4. e5 Nfd7 5. Ne2 c5 6. c3 Nc6 7.
Nd2 cxd4 8. cxd4 f6 9. exf6 Nxf6 10. O-O Bd6 11. Nf3 Qc7 12. Nc3 a6 13. h3 O-O 14.
Be3 e5 15. dxe5 Nxe5 16. Nxe5 Bxe5 17. Rc1 Qf7 18. f4 Bxc3 19. Rxc3 Ne4 20. Rc2 Bf5 21.
g4 Bc8 22. f5 Re8 23. Bd4 Qe7 24. Rg2 Bd7 25. g5 Qb4 26. Bb1 Bb5 27. a3 Qd6 28. Bd3 Bxd3 29. Qxd3 Rf8 30. h4 g6 31. f6 Qe6 32. h5 Qf7 33. hxg6 Qxg6 34. Qh3 Rae8 35.
f7+ Rxf7 36. Rf6 Rxf6 37. gxf6 Ng5 38. f7+ Kxf7 39. Qd7+ Kf8 40. Bc5+ Kg8 41. Qxd5+ Qe6 42. Rxg5+ Kf7 43. Qf3+ Qf6 44. Rf5 1-0

[Event "*** SCC Grand Prix: Titled Tuesday Blitz"]
[Site "Chess.com"]
[Date "2020.06.09"]
[Round "10"]
[White "Olga_Girya"]
[Black "AGW2016"]
[Result "1-0"]
[WhiteElo "2400"]
[BlackElo "2264"]
[TimeControl "180+1"]
[EndTime "10:57:59 PDT"]
[Termination "Olga_Girya won by checkmate"]

1. d4 Nf6 2. c4 g6 3. Nc3 Bg7 4. e4 d6 5. Nf3 O-O 6. Be2 e5 7. Be3 Ng4 8. Bg5 f6 9. Bh4 Nc6 10. d5 Ne7 11. h3 Nh6 12. g4 Nf7 13. Nd2 g5 14. Bg3 Ng6 15. Nf1 Nf4 16. Ne3 Re8 17. Qc2 Bf8 18. O-O-O c5 19. dxc6 bxc6 20. c5 Be6 21.
Bc4 Bxc4 22. Nxc4 d5 23. exd5 cxd5 24. Bxf4 exf4 25. Rxd5 Qc7 26. Ne4 Kg7 27. Rhd1 Rad8 28.
Ned6 Nxd6 29. Nxd6 Bxd6 30. cxd6 Qxc2+ 31. Kxc2 Re2+ 32. R1d2 Rxd2+ 33. Kxd2 Kf7 34. Kd3 Ke6 35. Ke4 Rxd6 36. Rxd6+ Kxd6 37. Kf5 Kd5 38. Kxf6 Ke4 39. Kxg5 f3 40.
b4 h6+ 41. Kh4 a6 42. a4 Kd4 43. b5 axb5 44. axb5 Kc5 45. Kg3 Kxb5 46. Kxf3 Kc6 47. Kf4 Kd6 48. Kf5 Kd5 49. f4 Kd4 50. g5 hxg5 51.
fxg5 Ke3 52. g6 Kf3 53. g7 Ke3 54. g8=Q Kd2 55. Qd5+ Kc3 56. Ke4 Kb2 57. Qc4 Ka3 58.
Qb5 Ka2 59. Kd3 Ka1 60. Kc2 Ka2 61. Qa4# 1-0

[Event "*** SCC Grand Prix: Titled Tuesday Blitz"]
[Site "Chess.com"]
[Date "2020.06.09"]
[Round "10"]
[White "Makswolf200817"]
[Black "Quattroporte300"]
[Result "1-0"]
[WhiteElo "2410"]
[BlackElo "2236"]
[TimeControl "180+1"]
[EndTime "10:58:01 PDT"]
[Termination "Makswolf200817 won by checkmate"]

1. Nf3 Nf6 2. c4 e6 3. Nc3 d5 4. e3 b6 5. cxd5 exd5 6. b3 c5 7. Bb2 Bd6 8. d4 O-O 9. dxc5 Bxc5 10. Be2 Bb7 11. O-O Re8 12. Nb5 a6 13. Nbd4 Nbd7 14. Rc1 Ne4 15. a3 Ndf6 16. b4 Bd6 17. Nf5 Bf8 18. Qd4 Qd7 19. Ng3 Nxg3 20. hxg3 b5 21. Ne5 Qf5 22. Rc7 Bd6 23. g4 Bxe5 24. gxf5 Bxd4 25.
Bxd4 Bc8 26. g4 h5 27. f3 hxg4 28. fxg4 Ne4 29. Rfc1 Nd2 30. R1c6 Nc4 31. Bxc4 dxc4 32.
Kf2 Rd8 33. Kg3 Bd7 34. Rb6 Rac8 35. Rbb7 Bc6 36. Ra7 Rxc7 37. Rxc7 Bd5 38. Kf4 f6 39. g5 Re8 40. gxf6 gxf6 41. Bxf6 Re4+ 42. Kg5 Rxe3 43. Kg6 Rg3+ 44. Bg5 Bf7+ 45. Kf6 Bh5 46. Bf4 Rf3 47. Be5 Bg4 48. Rg7+ Kf8 49. Rxg4 c3 50.
Ke6 c2 51. Bd6+ Ke8 52. Rg8# 1-0

[Event "*** SCC Grand Prix: Titled Tuesday Blitz"]
[Site "Chess.com"]
[Date "2020.06.09"]
[Round "10"]
[White "djano"]
[Black "publicaccountcze"]
[Result "1/2-1/2"]
[WhiteElo "2382"]
[BlackElo "2237"]
[TimeControl "180+1"]
[EndTime "10:58:01 PDT"]
[Termination "Game drawn by repetition"]

1. d4 Nf6 2. Nf3 e6 3. Bf4 d5 4. Nbd2 c5 5. e3 Nc6 6. c3 Bd6 7. Ne5 O-O 8. Ndf3 Qc7 9. Bd3 Ne4 10. Qc2 f6 11. Nxc6 Bxf4 12. Bxe4 dxe4 13. Qxe4 Bxe3 14. fxe3 Qxc6 15. Qxc6 bxc6 16. dxc5 e5 17. O-O-O Be6 18. a3 Rfd8 19. Rd6 Rxd6 20. cxd6 Rd8 21. Rd1 Bd5 22. Ne1 Kf7 23. Nc2 Bxg2 24. c4 Be4 25. c5 Bxc2 26.
Kxc2 Ke6 27. b4 a6 28. Kc3 g5 29. a4 h5 30. b5 cxb5 31. axb5 axb5 32. Kb4 f5 33.
Kxb5 f4 34. exf4 gxf4 35. c6 Rxd6 36. Rxd6+ Kxd6 37. Kb6 f3 38. c7 f2 39. c8=Q f1=Q 40.
Qd8+ Ke6 41. Qe8+ Kd5 42. Qxh5 Qb1+ 43. Kc7 Qc2+ 44. Kd8 Qe4 45. Qf7+ Kd4 46. Qa7+ Kd3 47. Qa3+ Ke2 48. Qb2+ Kf3 49. Qa3+ Kf4 50. Qf8+ Ke3 51. Qh8 Qd5+ 52. Kc7 Qc5+ 53. Kb7 Qd5+ 54. Kc7 Qc5+ 55.
Kb7 Qd5+ 56. Kc7 1/2-1/2

[Event "*** SCC Grand Prix: Titled Tuesday Blitz"]
[Site "Chess.com"]
[Date "2020.06.09"]
[Round "10"]
[White "Savva09022009"]
[Black "YaWaleriy"]
[Result "1-0"]
[WhiteElo "2402"]
[BlackElo "2205"]
[TimeControl "180+1"]
[EndTime "10:58:03 PDT"]
[Termination "Savva09022009 won on time"]

1. d4 d5 2. Nc3 Nf6 3. Bf4 e6 4. e3 Bb4 5. Bd3 a6 6. Nf3 c5 7. a3 Ba5 8. O-O Nc6 9. dxc5 Bxc3 10. bxc3 Qa5 11. c4 Qxc5 12. cxd5 Nxd5 13. Bg3 b5 14. a4 b4 15. Be4 Nc3 16. Bd6 Qb6 17.
Bxc6+ Qxc6 18. Qd3 a5 19. Ne5 Qd5 20. Qxd5 exd5 21.
Rfe1 Bd7 22. e4 dxe4 23. f3 f6 24. Nc4 Be6 25. Nb6 Ra6 26. Bc5 Kf7 27. fxe4 Rb8 28. Nd5 Nxd5 29. exd5 Bxd5 30. Re7+ Kg6 31. Rd1 Bc6 32.
Rd6 Rc8 33. Bd4 Bb7 34. Rdd7 Bc6 35. Rxg7+ Kf5 36. Rd6 Bb7 37. Rdd7 Bc6 38. g4+ Kf4 39. Rdf7 Bxa4 40. Bxf6 Ke4 41. Re7+ Kd5 42. Re5+ Kc4 43. Be7 Bxc2 44. h4 b3 45. Ba3 a4 46. Rd7 Rac6 47.
Re3 Kb5 48. Rb7+ Ka6 49. Rb4 Rc4 50. Re6+ 1-0

[Event "*** SCC Grand Prix: Titled Tuesday Blitz"]
[Site "Chess.com"]
[Date "2020.06.09"]
[Round "10"]
[White "Dr_crypt"]
[Black "kleopl"]
[Result "0-1"]
[WhiteElo "2446"]
[BlackElo "2362"]
[TimeControl "180+1"]
[EndTime "10:58:04 PDT"]
[Termination "kleopl won by resignation"]

1. d4 Nf6 2. Nf3 g6 3. g3 Bg7 4. Bg2 O-O 5. O-O d5 6. c4 c6 7.
Ne5 Ne4 8. cxd5 cxd5 9. Nc3 Nxc3 10. bxc3 Nd7 11. f4 Nb6 12. e4 dxe4 13. Bxe4 Nd5 14.
Bd2 Rb8 15. c4 Nf6 16. Bg2 Qxd4+ 17. Kh1 Ng4 18. Nxg4 Qxa1 19. Nh6+ Kh8 20. Qxa1 Bxa1 21. Rxa1 Kg7 22. f5 Bxf5 23. Nxf5+ gxf5 24. Bb4 Rfe8 25.
Rb1 e6 26. Bc3+ Kg6 27. Rxb7 Rxb7 28. Bxb7 Rb8 29. Ba6 Rb1+ 30. Kg2 Rc1 31. Bd4 Rc2+ 32. Kf3 Rxa2 33. Bb7 a5 34. c5 Rxh2 35. c6 Rc2 36. Be5 f6 37. c7 fxe5 38. c8=Q Rxc8 39. Bxc8 Kf6 40. Bd7 h5 41. Be8 Kg5 42. Bf7 e4+ 43. Kf2 e5 44. Kg2 a4 45. Kf2 a3 46. Kg2 f4 47. gxf4+ exf4 48. Kf2 h4 49. Be6 h3 50.
Kg1 e3 51. Kh2 e2 0-1

[Event "*** SCC Grand Prix: Titled Tuesday Blitz"]
[Site "Chess.com"]
[Date "2020.06.09"]
[Round "10"]
[White "Jumbo"]
[Black "oskariot"]
[Result "1-0"]
[WhiteElo "2822"]
[BlackElo "2649"]
[TimeControl "180+1"]
[EndTime "10:58:06 PDT"]
[Termination "Jumbo won on time"]

1. d4 Nf6 2. Nf3 g6 3. Bf4 d6 4. e3 Bg7 5. Be2 b6 6. c4 Bb7 7. Nc3 Nbd7 8. Qc2 O-O 9. O-O e6 10. e4 Qe7 11. Be3 c5 12. Rad1 cxd4 13. Nxd4 a6 14. Rfe1 Rfc8 15. Qb1 Ne5 16. Nb3 Nxc4 17. Bxc4 Rxc4 18. Bxb6 Rac8 19. f3 Ba8 20. Bf2 Qc7 21.
Bg3 Qb6+ 22. Bf2 Qc7 23. Nd2 Rb4 24. Rc1 Qb8 25. Nb3 d5 26. exd5 Nxd5 27. Nxd5 Bxd5 28. Rxc8+ Qxc8 29. Rc1 Rc4 30. Nc5 Rxc1+ 31. Qxc1 Bxa2 32.
b3 Qc6 33. Qd2 Qd5 34. Qc2 Bd4 35. h4 Bb1 36. Qc1 Bxf2+ 37. Kxf2 Qd4+ 38. Kg3 a5 39. Qg5 Kg7 40. Qe7 Qe5+ 41. Kf2 Qd4+ 42. Kg3 Qe5+ 43.
Kf2 h5 44. Nd7 Qd4+ 45. Kg3 1-0

[Event "*** SCC Grand Prix: Titled Tuesday Blitz"]
[Site "Chess.com"]
[Date "2020.06.09"]
[Round "10"]
[White "alexsergeyev"]
[Black "sasko1234"]
[Result "1-0"]
[WhiteElo "2378"]
[BlackElo "2466"]
[TimeControl "180+1"]
[EndTime "10:58:06 PDT"]
[Termination "alexsergeyev won on time"]

1. d4 Nf6 2. c4 d6 3. Nf3 Bg4 4. Qb3 Qc8 5. Nbd2 Nbd7 6. g3 c6 7. Bg2 e5 8. O-O Be7 9. h3 Bh5 10. e4 O-O 11. Re1 Qc7 12. Qc3 Rfe8 13. b3 Bf8 14. Bb2 Bg6 15. Nh4 a5 16. Rac1 Qb6 17.
Nxg6 hxg6 18. h4 Qc7 19. Bh3 exd4 20. Qxd4 Nc5 21. Ba3 Nfd7 22. Rcd1 Ne5 23. Bxc5 dxc5 24. Qe3 f6 25. f4 Nf7 26. Nf3 Re7 27. e5 fxe5 28. fxe5 Rae8 29. e6 Qxg3+ 30. Bg2 Nh6 31. Qg5 Qxg5 32. Nxg5 Nf5 33. Be4 Nd4 34. Bxg6 Rc8 35.
Bf7+ Kh8 36. Re5 g6 37. Bxg6 Kg7 38. h5 Kh6 39. Kg2 Bg7 40. Rde1 Bf6 41. Nf7+ Kg7 42. R5e4 Rcc7 43. Kg3 Kf8 44. Kg4 Kg7 45. R1e3 1-0

[Event "*** SCC Grand Prix: Titled Tuesday Blitz"]
[Site "Chess.com"]
[Date "2020.06.09"]
[Round "10"]
[White "KhatanbaatarBazar"]
[Black "fischercapa"]
[Result "1-0"]
[WhiteElo "2469"]
[BlackElo "2347"]
[TimeControl "180+1"]
[EndTime "10:58:09 PDT"]
[Termination "KhatanbaatarBazar won by resignation"]

1. e4 c5 2. Nf3 d6 3. Bb5+ Bd7 4. Bxd7+ Nxd7 5. O-O Ngf6 6. Qe2 Rc8 7. c3 c4 8. b3 b5 9. Na3 cxb3 10. axb3 a6 11. Nc2 Qb6 12. Bb2 Qb7 13. Rfe1 Nc5 14. e5 dxe5 15.
Nxe5 Nxb3 16. Ra3 Nc5 17. d4 Na4 18. Ba1 e6 19. Rb3 Bd6 20. c4 Qc7 21. Ne3 b4 22. c5 Nxc5 23. dxc5 Bxe5 24. Nd5 Nxd5 25. Bxe5 Qxc5 26.
Bxg7 Rg8 27. Rg3 Qc4 28. Qh5 Nf4 29. Qxh7 Ne2+ 30. Kh1 Nxg3+ 31. fxg3 Kd7 32. Bh6 Ke7 33. Bg7 Qg4 34. Be5 Qg6 35. Qh4+ Ke8 36. Qxb4 Qg5 37.
Bf4 Qe7 38. Qa4+ Qd7 39. Qxa6 Rc6 40. Qa8+ Rc8 41. Qa1 Ke7 42. h3 f6 43. Rd1 Kf7 44. Rxd7+ 1-0

[Event "*** SCC Grand Prix: Titled Tuesday Blitz"]
[Site "Chess.com"]
[Date "2020.06.09"]
[Round "10"]
[White "MarceloPlaya"]
[Black "Thipsay"]
[Result "0-1"]
[WhiteElo "2253"]
[BlackElo "2427"]
[TimeControl "180+1"]
[EndTime "10:58:10 PDT"]
[Termination "Thipsay won on time"]

1. e4 e5 2. Nf3 Nc6 3. d4 exd4 4. Bc4 Nf6 5. Ng5 Ne5 6. Qxd4 Nxc4 7. Qxc4 d5 8. exd5 Qxd5 9. Qe2+ Be7 10. O-O h6 11.
Nc3 Qd8 12. Rd1 Bd7 13. Nf3 O-O 14. Ne5 Bd6 15. Nxd7 Qxd7 16. h3 Qc6 17. Be3 Rfe8 18.
Qd3 Be5 19. Qb5 Qxb5 20. Nxb5 a6 21. Nd4 Nd5 22. c3 Nxe3 23. fxe3 g6 24. Nf3 Bg3 25. Rd3 Re7 26. Nd4 Rae8 27. Nc2 Re5 28. Rf1 Kg7 29. Rf3 Bh4 30. Rd7 R8e7 31. Rxe7 Rxe7 32. Rf4 Bg5 33. Rc4 c6 34. Kf2 f5 35. a4 Kf6 36. Rd4 Ke6 37. Rd3 Rd7 38. Nd4+ Kf7 39. Ke2 Kf6 40. Nf3 Rxd3 41. Kxd3 Ke6 42. e4 fxe4+ 43.
Kxe4 Bc1 44. b3 Bb2 45. Kd4 Kf5 46. Ne1 Bc1 47. Nd3 Bg5 48. Kc5 Be3+ 49. Kd6 Ke4 50.
Nb4 Bd2 51. Na2 Kd3 52. Kc7 Kc2 53. Kxb7 Kxb3 54. Nb4 Kxa4 55. Kxa6 c5 56. Nd3 c4 57. Nb2+ Kb3 58. Nd1 Bxc3 59. Kb6 Bd4+ 60. Kc6 c3 61. Nxc3 Kxc3 62. Kd5 Kd3 63. Ke6 Ke4 64. g4 Kf4 65. Kf7 Kg5 66. h4+ Kxh4 0-1

[Event "*** SCC Grand Prix: Titled Tuesday Blitz"]
[Site "Chess.com"]
[Date "2020.06.09"]
[Round "10"]
[White "MisiekZielony"]
[Black "queen_iryna"]
[Result "1-0"]
[WhiteElo "2155"]
[BlackElo "2297"]
[TimeControl "180+1"]
[EndTime "10:58:11 PDT"]
[Termination "MisiekZielony won by resignation"]

1. c4 e5 2. Nc3 Nc6 3. Nf3 g6 4.
d4 exd4 5. Nxd4 Bg7 6. Nxc6 bxc6 7. Bd2 d6 8. g3 Be6 9. Bg2 Ne7 10. b3 O-O 11.
Rc1 Qd7 12. h4 h5 13. Bg5 Rfe8 14. Qd2 Bf5 15. Be3 Bg4 16. Bd4 Nf5 17. Bxg7 Nxg7 18.
e3 Re5 19. Ne2 Bxe2 20. Qxe2 Rae8 21. Qd2 Nf5 22. O-O c5 23. Qa5 Qe7 24. Qd2 Qf6 25.
Qc3 R5e6 26. Qxf6 Rxf6 27. Rfd1 Ne7 28. Bh3 Nc8 29. a3 Nb6 30. b4 cxb4 31. axb4 Re4 32. c5 dxc5 33. bxc5 Nc4 34. Rd7 c6 35. Bg2 Ne5 36.
Rd8+ Kg7 37. Bxe4 Ng4 38. Rc2 Re6 39. Bf3 Ne5 40. Be2 Rf6 41. Rd6 Nf3+ 42. Bxf3 Rxf3 43.
Rxc6 Rf5 44. Ra6 Rd5 45. c6 Rd1+ 46. Kg2 Rd8 47. c7 Rc8 48. Rxa7 Kf6 49. Rb7 Ke7 50.
Rb8 Kd7 51. Rxc8 Kxc8 52. Kf3 f6 53. Kf4 g5+ 54. hxg5 fxg5+ 55. Kxg5 h4 56. Kxh4 1-0

[Event "*** SCC Grand Prix: Titled Tuesday Blitz"]
[Site "Chess.com"]
[Date "2020.06.09"]
[Round "10"]
[White "carlesdc96"]
[Black "GM_LOADING"]
[Result "0-1"]
[WhiteElo "2729"]
[BlackElo "2528"]
[TimeControl "180+1"]
[EndTime "10:58:13 PDT"]
[Termination "GM_LOADING won on time"]

1. e4 e5 2. Nf3 Nc6 3. Bb5 g6 4. O-O Bg7 5. c3 a6 6. Ba4 Nge7 7. d4 exd4 8. cxd4 O-O 9. d5 Na5 10. Bc2 d6 11. h3 b5 12. Nc3 Bb7 13. Re1 c6 14.
dxc6 Bxc6 15. Nd4 Bb7 16. Bg5 h6 17. Bh4 Rc8 18. Bb3 Nxb3 19. axb3 Qd7 20. Qd3 Rfe8 21.
Rad1 Qc7 22. Bg3 Qb6 23. Nc2 Rcd8 24. Ne3 Nc6 25. Ned5 Qa7 26. Qf3 Ne5 27. Nf6+ Kh8 28. Bxe5 Rxe5 29. Ncd5 Bxd5 30. Nxd5 Rde8 31. Nb4 Qb7 32.
Rxd6 Rxe4 33. Rxe4 Rxe4 34. Rd8+ Kh7 35. Nd3 Qe7 36.
Rd5 Re6 37. g3 h5 38. h4 Re2 39. Kg2 Bxb2 40. Nxb2 Rxb2 41. Rd3 Kg7 42. Re3 Qf6 43. Qxf6+ Kxf6 44. Kf3 b4 45. Kf4 a5 46. f3 Ra2 47.
Re4 Ra3 48. Re3 a4 49. bxa4 b3 0-1

[Event "*** SCC Grand Prix: Titled Tuesday Blitz"]
[Site "Chess.com"]
[Date "2020.06.09"]
[Round "10"]
[White "Munkhzul_Turmunkh"]
[Black "TigrVShlyape"]
[Result "1/2-1/2"]
[WhiteElo "2607"]
[BlackElo "2871"]
[TimeControl "180+1"]
[EndTime "10:58:14 PDT"]
[Termination "Game drawn by repetition"]

1. e4 g6 2. d4 Bg7 3. Nc3 d6 4. Nf3 a6 5. Be2 b5 6. O-O Bb7 7. a3 Nd7 8. Be3 e6 9. Qd2 Ngf6 10. e5 dxe5 11. dxe5 Ng4 12. Bg5 Qc8 13. Rad1 Ngxe5 14. Nxe5 Nxe5 15. Bh6 O-O 16. Bxg7 Kxg7 17.
f4 Nc4 18. Bxc4 bxc4 19. Qd4+ Kg8 20. Qxc4 Rd8 21. Ne4 Bxe4 22. Qxe4 c5 23. b3 Qc7 24.
h3 a5 25. a4 Rac8 26. Qc4 h5 27. Rfe1 Qb6 28. Kh1 Qb4 29. Rxd8+ Rxd8 30. Qxb4 cxb4 31.
Re5 Rd5 32. Rxd5 exd5 33. Kg1 Kg7 34. Kf2 Kf6 35. g4 hxg4 36. hxg4 Ke6 37. Ke3 f6 38. Kd4 Kd6 39. Kd3 Kc5 40. Ke3 Kc6 41. Kd4 Kd6 42.
Kd3 Kc5 43. Ke3 f5 44. g5 d4+ 45. Ke2 Kd5 46. Kd3 Kc5 47. Kd2 Kd6 48. Ke2 Kc6 49.
Kd2 Kc5 50. Ke2 Kd5 51. Kd3 Kc5 52. Kd2 Kd5 53. Kd3 1/2-1/2

[Event "*** SCC Grand Prix: Titled Tuesday Blitz"]
[Site "Chess.com"]
[Date "2020.06.09"]
[Round "10"]
[White "Pintacara"]
[Black "Harry_Rakkel"]
[Result "1-0"]
[WhiteElo "2368"]
[BlackElo "2501"]
[TimeControl "180+1"]
[EndTime "10:58:14 PDT"]
[Termination "Pintacara won on time"]

1. d4 Nf6 2. Bg5 e6 3. e4 h6 4. Bxf6 Qxf6 5. c3 d6 6. Bd3 e5 7. Ne2 Nc6 8. O-O g5 9. Na3 h5 10. Nb5 Qd8 11. dxe5 dxe5 12. Bc4 Qe7 13. Bd5 Rh6 14.
Qa4 a6 15. c4 h4 16. Rad1 Bg4 17. f3 Bh5 18. Kh1 Rf6 19. h3 Bh6 20. c5 Kf8 21.
b4 Nd8 22. Nbc3 c6 23. Bc4 Kg8 24. Qa5 Bf8 25. Qb6 Ne6 26. Bxe6 Rxe6 27. Rd3 Bg6 28. Rfd1 Re8 29. Rd7 Qf6 30. Qxb7 Bh5 31. R1d3 a5 32. a3 axb4 33. axb4 R6e7 34. Rxe7 Rxe7 35. Rd7 Rxd7 36. Qxd7 Bxf3 37. gxf3 Qxf3+ 38. Kg1 Bg7 39. Qd8+ Kh7 40. Qxg5 Qxh3 41. Kf2 Bh6 42. Qh5 Qh2+ 43. Ke1 Kg7 44. Qg4+ Kf8 45. b5 cxb5 46. c6 Qh1+ 47. Ng1 Qh2 48.
Nce2 Be3 49. c7 Qf2+ 50. Kd1 Qf1+ 51. Kc2 1-0

[Event "*** SCC Grand Prix: Titled Tuesday Blitz"]
[Site "Chess.com"]
[Date "2020.06.09"]
[Round "10"]
[White "Mbneu"]
[Black "juniortay"]
[Result "0-1"]
[WhiteElo "2234"]
[BlackElo "2403"]
[TimeControl "180+1"]
[EndTime "10:58:14 PDT"]
[Termination "juniortay won on time"]

1. d4 d5 2. c4 e6 3. Nc3 c5 4.
cxd5 exd5 5. e4 cxd4 6. Nxd5 Nc6 7. Nf3 Be6 8. Bc4 Nf6 9. O-O Bc5 10. Bg5 h6 11. Nxf6+ gxf6 12. Bxe6 hxg5 13. Bd5 Qd6 14. g3 Kf8 15. b4 Bb6 16. b5 Ne5 17. Nxe5 Qxe5 18.
Qg4 d3 19. Qd7 Rh7 20. Rad1 Qd4 21. e5 fxe5 22. Qf5 Rg7 23. Rxd3 Qc5 24. Bxb7 Re8 25. Rd7 e4 26. Bxe4 Qxf5 27. Bxf5 f6 28. Rxg7 Kxg7 29. Rc1 Re2 30. Rc2 Re1+ 31. Kg2 Ra1 32. Be6 Kf8 33.
Bb3 Ke7 34. Rc6 Rb1 35. Re6+ Kd7 36. Rxf6 Rb2 37. h4 gxh4 38. gxh4 Bd8 39. Rf7+ Kd6 40. Rxa7 Bxh4 41. Rf7 Kc5 42. Rf5+ Kb6 43. Rf4 Bg5 44.
Rf5 Be3 45. Be6 Rd2 46. a4 Bd4 47. Rf3 Ka5 48. Bb3 Kb4 49. Kh3 Rd1 50. Rf4 Rd2 51.
b6 Ka5 52. b7 Be5 0-1

[Event "*** SCC Grand Prix: Titled Tuesday Blitz"]
[Site "Chess.com"]
[Date "2020.06.09"]
[Round "10"]
[White "NewBornNow"]
[Black "elohunter1999"]
[Result "1-0"]
[WhiteElo "2709"]
[BlackElo "2493"]
[TimeControl "180+1"]
[EndTime "10:58:15 PDT"]
[Termination "NewBornNow won on time"]

1. e4 d6 2. d4 Nf6 3. Nc3 g6 4. f4 Bg7 5. Nf3 c5 6. dxc5 Qa5 7. Bd3 Qxc5 8. Qe2 O-O 9. Be3 Qa5 10. O-O Bg4 11.
Kh1 Nc6 12. a3 Rac8 13. h3 Bxf3 14. Qxf3 Nd7 15. Bd2 Qb6 16. Nd5 Qd8 17. c3 Na5 18. Rad1 Nc5 19. Bc2 Nc4 20. Bc1 b5 21. Qe2 a6 22. f5 Ne5 23. Bg5 f6 24. Bf4 Qe8 25. Bxe5 fxe5 26. b4 Nd7 27. Bb3 Kh8 28. c4 gxf5 29. exf5 Nf6 30. Nxf6 Rxf6 31. Rd5 bxc4 32. Bxc4 Qc6 33. Bxa6 Ra8 34. Ra5 e4 35. Rd1 Rh6 36. Bc4 Rxa5 37. bxa5 Be5 38. a6 Kg7 39. Bd5 Qb6 40.
Bxe4 Rf6 41. Qg4+ Kf8 42. Bd5 Ke8 43. Qg8+ Kd7 44. Rc1 Bc3 45. Be6+ Kc6 46. Qc8+ 1-0

[Event "*** SCC Grand Prix: Titled Tuesday Blitz"]
[Site "Chess.com"]
[Date "2020.06.09"]
[Round "10"]
[White "VincentKeymer"]
[Black "BillieKimbah"]
[Result "0-1"]
[WhiteElo "2772"]
[BlackElo "2875"]
[TimeControl "180+1"]
[EndTime "10:58:16 PDT"]
[Termination "BillieKimbah won by resignation"]

1. Nf3 d5 2. e3 Nd7 3. c4 c6 4. Nc3 Ngf6 5. Qc2 e6 6. b3 Bd6 7.
Bb2 O-O 8. h3 a6 9. g4 b5 10. g5 Nh5 11. h4 Bb7 12. cxd5 cxd5 13. Ne2 Rc8 14. Qd1 e5 15. Bh3 d4 16. Bg4 Nhf6 17. gxf6 Nxf6 18. Bxc8 Bxf3 19. Rh3 Bxe2 20. Qxe2 Qxc8 21. Rg3 Ne4 22. Rg1 Bb4 23. Rd1 Qc2 24. a3 d3 25. Qg4 Bxd2+ 26. Kf1 g6 27. Qxe4 Qxd1+ 28. Kg2 Qxb3 29. Bxe5 Qc4 30. Bd4 Bc3 31. Rd1 d2 32. Qe5 f6 33. Qe4 Rd8 34. Qe7 Qd5+ 35.
f3 Bxd4 36. Rxd2 Qd6 37. Qxd6 Rxd6 38. exd4 Kf7 39. Kf2 Ke6 40. Ke3 Kd5 41. Kd3 Rc6 42. Re2 Rc4 43. Re4 Ra4 44. Re7 Rxa3+ 45. Ke2 Kxd4 46.
Rxh7 Ra2+ 47. Kf1 Ke3 48. Rf7 f5 49. h5 Kxf3 50. Ke1 Ra1+ 51. Kd2 gxh5 52. Rxf5+ Kg4 53. Rf6 h4 54. Kc3 h3 55. Rg6+ Kf3 56. Rh6 Kg2 57. Rg6+ Kh1 0-1

[Event "*** SCC Grand Prix: Titled Tuesday Blitz"]
[Site "Chess.com"]
[Date "2020.06.09"]
[Round "10"]
[White "g3god"]
[Black "BaMBoMaTTo"]
[Result "1/2-1/2"]
[WhiteElo "2873"]
[BlackElo "2664"]
[TimeControl "180+1"]
[EndTime "10:58:16 PDT"]
[Termination "Game drawn by agreement"]

1. e4 c5 2. Nf3 d6 3. d4 cxd4 4. Nxd4 Nf6 5. Nc3 a6 6. Be3 Ng4 7. Bc1 Nf6 8. f3 e5 9. Nb3 Be6 10. Be3 Be7 11. Qd2 O-O 12. O-O-O Nbd7 13. g4 b5 14. g5 b4 15. Na4 Nh5 16. Qxb4 d5 17. Qa5 Bxg5 18. Bxg5 Qxg5+ 19. Kb1 dxe4 20. Nd4 Qf6 21. Nxe6 Qxe6 22. fxe4 Nf4 23. b3 Nf6 24. Bc4 Qe7 25. Rhe1 g6 26. Nb6 Qc7 27. Bd5 Rab8 28.
Nc4 N6xd5 29. exd5 Qxc4 30. Rxe5 Rfc8 31. Qd2 Qc3 32. Qxc3 Rxc3 33. Rd4 Ng2 34. d6 Rd8 35. d7 Kf8 36. Re2 Ne3 37. Re4 Rxd7 38. R4xe3 Rxe3 39. Rxe3 f5 40. c4 f4 41. Re2 g5 42. Rg2 f3 43.
Rf2 g4 44. Kc2 h5 45. c5 Ke7 46. b4 Kd8 47. a4 Rf7 48. Kd3 h4 49. Ke3 Kc7 50.
b5 axb5 51. axb5 Rf5 52. b6+ Kc6 53. h3 g3 54. Rxf3 Rxf3+ 55. Kxf3 Kb7 56. Kg2 Kc6 57. Kg1 Kb7 58. Kf1 Kc6 59. Ke2 Kb7 60. Ke3 Kc6 61.
Kf3 Kb7 62. Ke2 Kc6 63. Ke3 Kb7 64. Kf3 Kc6 1/2-1/2

[Event "*** SCC Grand Prix: Titled Tuesday Blitz"]
[Site "Chess.com"]
[Date "2020.06.09"]
[Round "10"]
[White "fabianvivasz"]
[Black "chesslh19"]
[Result "1/2-1/2"]
[WhiteElo "2266"]
[BlackElo "2120"]
[TimeControl "180+1"]
[EndTime "10:58:18 PDT"]
[Termination "Game drawn by agreement"]

1. e4 c5 2. Nf3 e6 3. d4 cxd4 4.
Nxd4 Nf6 5. Nc3 d6 6. g4 h6 7.
h4 Nc6 8. Rg1 d5 9. exd5 Nxd5 10.
Nxd5 exd5 11. Be3 Qxh4 12. Qf3 Nxd4 13. Bxd4 Qe7+ 14. Be2 Qe4 15. Qxe4+ dxe4 16. O-O-O Bd7 17. Rg3 a6 18. Bb6 Be7 19. Kb1 Bc6 20. Bc4 O-O 21.
Bd5 Rac8 22. Re3 Bxd5 23. Rxd5 Rc6 24. Rxe4 Rxb6 25. Rxe7 Re6 26. Rdd7 Re8 27. Rxe8+ Rxe8 28. a4 b5 29. a5 Re4 30. f3 Ra4 31. Rd6 Rxa5 32. b4 Ra4 33. c3 g6 34. Kb2 h5 35.
gxh5 gxh5 36. Rh6 a5 37. Rxh5 axb4 38. Rxb5 bxc3+ 39. Kxc3 Rf4 40. Kd3 Rxf3+ 41. Ke4 Rf1 42. Re5 Re1+ 43. Kf5 Rf1+ 44. Kg4 Kg7 45. Rg5+ Kh7 46.
Ra5 Kg7 47. Ra6 1/2-1/2

[Event "*** SCC Grand Prix: Titled Tuesday Blitz"]
[Site "Chess.com"]
[Date "2020.06.09"]
[Round "10"]
[White "CrazyMartian"]
[Black "SergioGarciaFuentes"]
[Result "1-0"]
[WhiteElo "2274"]
[BlackElo "2213"]
[TimeControl "180+1"]
[EndTime "10:58:18 PDT"]
[Termination "CrazyMartian won by resignation"]

1. d4 d5 2. Bf4 Nc6 3. Nf3 Bg4 4. Nbd2 e6 5. c3 Bd6 6. Bg3 Nf6 7. e3 Bxg3 8. hxg3 e5 9. dxe5 Nxe5 10. Qa4+ Bd7 11.
Qf4 Ng6 12. Qb4 b6 13. Bb5 c6 14. Bd3 c5 15. Qa3 O-O 16. Bxg6 fxg6 17. O-O Bb5 18. Rfe1 Ne4 19. Nxe4 dxe4 20. Qb3+ Kh8 21. Qxb5 exf3 22.
gxf3 Rxf3 23. Kg2 Rf6 24. Rad1 Qf8 25. Qe2 Qf7 26. c4 Rf8 27. Rf1 Rf3 28. e4 h6 29. b3 Kh7 30. e5 Qe6 31. Rd6 Qg4 32. Qd2 h5 33. Rd3 h4 34. Rh1 h3+ 35. Rxh3+ Kg8 36. Rxf3 Qxf3+ 37. Kg1 Qe4 38. Qd5+ Qxd5 39. cxd5 Rf5 40. f4 g5 41. Rh5 b5 42. Rxg5 Rf8 43.
Kf2 a5 44. d6 Kf7 45. Rf5+ Ke8 46. Rxf8+ Kxf8 47. e6 c4 48. bxc4 b4 49. Ke3 a4 50.
Kd2 b3 51. axb3 a3 52. Kc1 a2 53. Kb2 1-0

[Event "*** SCC Grand Prix: Titled Tuesday Blitz"]
[Site "Chess.com"]
[Date "2020.06.09"]
[Round "10"]
[White "AshotParvanyan"]
[Black "Nor1lsk"]
[Result "0-1"]
[WhiteElo "2434"]
[BlackElo "2591"]
[TimeControl "180+1"]
[EndTime "10:58:19 PDT"]
[Termination "Nor1lsk won by resignation"]

1. e4 c5 2. Nf3 e6 3. Nc3 Nc6 4. Bb5 Nge7 5. O-O a6 6. Bxc6 Nxc6 7. d4 cxd4 8. Nxd4 d6 9. Re1 Be7 10. Nxc6 bxc6 11. Qg4 e5 12. Qxg7 Bf6 13. Qg3 Be6 14.
Be3 Qe7 15. Rad1 O-O-O 16. Qf3 Rhg8 17. h3 Rg6 18. Ne2 Rdg8 19. Ng3 Qd7 20. Kh2 Bh4 21. Rg1 Bxg3+ 22. fxg3 Rxg3 23. Qxg3 Rxg3 24. Kxg3 d5 25. Bc5 f5 26. exf5 Bxf5 27. Rgf1 Qg7+ 28. Kh2 Bxc2 29.
Rd2 Bg6 30. Rf8+ Kd7 31. Rdf2 e4 32. Ra8 Qe5+ 33. Kh1 d4 34. Ra7+ Ke6 35. Re7+ Kd5 36. Rxe5+ Kxe5 37. Rd2 e3 38. Bxd4+ Ke4 39. Bxe3 Kxe3 40.
Rd6 Be4 41. Rd8 Kf2 42. Rd2+ Ke3 43. Rd8 Kf2 44. Kh2 Ke3 45. Re8 Kd4 46. Rd8+ Bd5 47. g4 Kd3 48. Kg3 Kc2 49. b4 Kb2 50. a4 Bb3 51. b5 axb5 52. axb5 cxb5 53. Rb8 Bc4 54. h4 Kc3 55. Kf4 b4 56. Kg5 b3 57. h5 b2 58. Rxb2 Kxb2 59. Kh6 Bd3 60. g5 Kc3 61. Kg7 Kd4 62. Kf6 Ke3 63. h6 Bg6 64. Kg7 Kf4 65. Kf6 Kg4 66. Ke5 Kxg5 67. Kd4 Kxh6 68. Ke3 Kg5 69. Kf2 Kg4 70. Kg1 h5 71.
Kh1 h4 72. Kg1 Kg3 73. Kh1 h3 74. Kg1 h2+ 0-1